Workbook

Sheet Home
A1: MENU BA TAXA PUBLISITARIA HAHU HUSI TINAN 2019 TO 2025 HO NIA TOTAL TAXA
A17: NOEZIO BELO EXPOSTO GALUCHO
A18: OFFICIAL TEKNIKO PUBLISITARIA GMT ERMERA

Sheet 2019
A2: Lista Emprezario / Negociante Sira nebe mak selu ona Taxa iha Autoridade Municipio Ermera Tinan 2019
A3: LISTA MONTANTE ORSAMENTO BA TAXA PUBLISIDADE NEBE MAK KONSEGE REKOLHA ONA | G3: OBS
A4: No | B4: Empreza/Loja | C4: Data Simu Dokumentos | D4: Data Pagamento | E4: Durasaun Tempo | F4: Total Orsamento
A5: 1 | B5: Fasi Kareta Zizaina | C5: 43531 | D5: 43745 | E5: Tinan 1 | F5: 18.25
A6: 2 | B6: Banco Moris Rasik | C6: 43531 | D6: 43684 | E6: Tinan 1 | F6: 27.4
A7: 3 | B7: Loja Jinkal | C7: 43531 | D7: 43684 | E7: Tinan 1 | F7: 54.75
A8: 4 | B8: Urhua Ganteng | C8: 43805 | D8: 18/06/2019 | E8: Tinan 1 | F8: 36.5
A9: 5 | B9: Loja Atrai Asu-Ubo | C9: 14/06/2019 | D9: 43531 | E9: Tinan 1 | F9: 41
A10: 6 | B10: Gracia Farm | C10: 14/06/2019 | D10: 43531 | E10: Tinan 1 | F10: 27.4
A11: 7 | B11: Pt Telekomcel | C11: 22/03/2019 | D11: 17/05/2019 | E11: Tinan 1 | F11: 990.04
A12: 8 | B12: Timor Telekom | C12: 14/03/2019 | D12: 43470 | E12: =E11 -> Tinan 1 | F12: 2000.95
A13: 9 | B13: Loja Primaveira | C13: 43503 | D13: 43592 | E13: =E12 -> Tinan 1 | F13: 27.4
A14: 10 | B14: Oficina Temu Rose | C14: 16/5/2019 | D14: 17/6/2019 | E14: =E13 -> Tinan 1 | F14: 17
A15: 11 | B15: Loja Ainapa | C15: 43503 | D15: 43503 | E15: =E14 -> Tinan 1 | F15: 13.7
A16: 12 | B16: Bnctl | C16: 31/5/2019 | D16: 43561 | E16: =E15 -> Tinan 1 | F16: 54.75
A17: 13 | B17: Fitun Perikanan | C17: 14/6/2019 | D17: =C17 -> 14/6/2019 | E17: =E16 -> Tinan 1 | F17: 18.25
A18: 14 | B18: Ronek Murak | C18: 14/5/2019 | D18: 28/5/2019 | E18: =E17 -> Tinan 1 | F18: 109.5 | K18: 7500.33
A19: 15 | B19: Putri Moris | C19: 16/5/2019 | D19: 43561 | E19: =E18 -> Tinan 1 | F19: 93.75
A20: 16 | B20: Hatufu Hadomi | C20: =C19 -> 16/5/2019 | D20: =D19 -> 43561 | E20: =E19 -> Tinan 1 | F20: 73 | K20: 1625.11
A21: 17 | B21: Ruvic Fuel | C21: 29/05/2019 | D21: 43561 | E21: =E20 -> Tinan 1 | F21: 40.15
A22: 18 | B22: Kom. Biamali | C22: 27/05/2019 | D22: 29/5/2019 | E22: =E21 -> Tinan 1 | F22: 54.75 | K22: 8055.79
A23: 19 | B23: Kom. Maek | C23: 18/4/2019 | D23: 25/4/2019 | E23: Fulan Tolu | F23: 18
A24: 20 | B24: Oficina Aidababei | C24: 43561 | D24: =C24 -> 43561 | E24: =E22 -> Tinan 1 | F24: 16 | K24: 4837.61
A25: 21 | B25: Oficina Lao Ho Esperansa | C25: 13/6/2019 | D25: 14/4/2019 | E25: =E24 -> Tinan 1 | F25: 36.5 | K25: 2114.86 | N25: =K22+K18+K24+F32+K25+K20 -> 28044.74
A26: 22 | B26: Mistader | C26: 14/6/2019 | D26: 17/6/2019 | E26: =E25 -> Tinan 1 | F26: 28
A27: 23 | B27: Rental Libertrimar | C27: =C26 -> 14/6/2019 | D27: =D26 -> 17/6/2019 | E27: =E26 -> Tinan 1 | F27: 41
A28: 24 | B28: Loja Ave Maria | C28: 43472 | D28: =C28 -> 43472 | E28: =E27 -> Tinan 1 | F28: 18.25
A29: 25 | B29: Loja Abc | C29: =C28 -> 43472 | D29: =D28 -> 43472 | E29: =E28 -> Tinan 1 | F29: =F28 -> 18.25
A30: 26 | B30: Loja Borde | C30: =C29 -> 43472 | D30: =D29 -> 43472 | E30: =E29 -> Tinan 1 | F30: =F29 -> 18.25
A31: 27 | B31: Loja Elemori | C31: =C30 -> 43472 | D31: =D30 -> 43472 | E31: =E30 -> Tinan 1 | F31: =F30 -> 18.25
A32: TOTAL TAXA BA TINAN 1 | F32: =SUM(F5:F31) -> 3911.04

Sheet 2020
A2: Lista Emprezario / Negociante Sira nebe mak selu ona Taxa iha Autoridade Municipio Ermera Tinan 2020
A3: LISTA MONTANTE ORSAMENTO BA TAXA PUBLISIDADE NEBE MAK KONSEGE REKOLHA ONA
A4: No | B4: Empreza/Loja | C4: Tipo Publisidade | D4: Fatin Publisidade | E4: Data Pagamento | F4: Durasaun Tempo | G4: Total Orsamento
A5: 1 | B5: Hatufu Hadomi | C5: Faixas | D5: Av.Pedro lemos | E5: 31/01/2020 | F5: Tinan 1 | G5: 73
A6: 2 | B6: Jincal | C6: Faixas | D6: Av.Pedro lemos | E6: 43953 | F6: Tinan 1 | G6: 55
A7: 3 | B7: Mistader | C7: Faixas | D7: Rua. Fahirosa | E7: 30/02/2020 | F7: Tinan 1 | G7: 28
A8: 4 | B8: Liber Timar | C8: Faixas | D8: Rua.Lauala | E8: 44107 | F8: Tinan 1 | G8: 27.5
A9: 5 | B9: Fegetop.Lda | C9: Cartas | D9: Av.Pedro lemos | E9: 44168 | F9: Tinan 1 | G9: 340
A10: 6 | C10: Cartas | D10: Travesa
A11: 7 | B11: Loja Elsoresela | C11: Faixas | D11: Rua.Jose Exposto | E11: 44137 | F11: Tinan 1 | G11: 28
A12: 8 | B12: Rental Cs2007 | C12: Faixas | D12: Av.Pedro lemos | E12: 43864 | F12: Tinan 1 | G12: 36.5
A13: 9 | B13: Oficina JMS | C13: Faixas | D13: Av.Pedro lemos | E13: 18/03/2020 | F13: Tinan 1 | G13: 23.5
A14: 10 | B14: Aidababei | C14: Faixas | D14: Av.Railaco | E14: 30/01/2020 | F14: Tinan 1 | G14: 16
A15: 11 | B15: Loja Lunh Mutiara | C15: Faixas | D15: Av.Pedro lemos | E15: 43953 | F15: Tinan 1 | G15: 36.5
A16: 12 | B16: Loja Fang Fourty | C16: Faixas | D16: Av.Pedro lemos | E16: 43953 | F16: Tinan 1 | G16: 36.5
A17: 13 | B17: Zainani Murak | C17: Faixas | D17: Beco Geno Lalan | E17: 16/03/2020 | F17: Tinan 1 | G17: 18.25
A18: 14 | B18: Fitun Perikanan | C18: Faixas | D18: Av.Pedro lemos | E18: 44014 | F18: Tinan 1 | G18: 18.25
A19: 15 | B19: Moris Rasik | C19: Diresionador | D19: Rua.Raemetan | E19: 43864 | F19: Tinan 1 | G19: 28
A20: 16 | B20: Loza Defa | C20: Faixas | D20: Av.Pedro lemos | E20: 43923 | F20: Tinan 1 | G20: 73
A21: 17 | B21: Loza De Seng II | C21: Faixas | D21: Av.Pedro lemos | E21: 43923 | F21: Tinan 1 | G21: 73
A22: 18 | B22: Fitun Kaduak | C22: Faixas | D22: Travesa | E22: 31/01/2020 | F22: Tinan 1 | G22: 9.5
A23: 19 | B23: Loza Jhomu | C23: Faixas | D23: Av.Pedro lemos | E23: 43923 | F23: Tinan 1 | G23: 36.5
A24: 20 | B24: Lay Bros | C24: Faixas | D24: Rua.Raemetan | E24: 20/06/2020 | F24: Tinan 1 | G24: 41
A25: 21 | B25: Dolatije | C25: Faixas | D25: Rua.Talekihata | E25: 21/02/2020 | F25: Tinan 1 | G25: 21.9
A26: 22 | B26: Primaveira | C26: Faixas | D26: Rua.Raemetan | E26: 43929 | F26: Tinan 1 | G26: 27.4
A27: 23 | B27: Heineken | C27: Palas | D27: Avenida | E27: 14/10/2020 | F27: Tinan 1 | G27: 1898
A28: 24 | C28: Palas | D28: Rua
A29: 25 | C29: Palas | D29: Beco
A30: 26 | B30: Elma Timor | C30: Faixas | D30: Av.Pedro lemos | E30: 20/10/2020 | F30: Tinan 1 | G30: 54.75
A31: 27 | B31: Timor Global | C31: Diresionador | D31: Av.Railaco | E31: 43864 | F31: Tinan 1 | G31: 73
A32: 28 | B32: Grasia Farm | C32: Diresionador | D32: Rua.Railako Mota hare | E32: 16/06/2020 | F32: Tinan 1 | G32: 27.4
A33: 29 | B33: Zainani | C33: Faixas | D33: Rua.Nuref Emarui | E33: 44140 | F33: Tinan 1 | G33: 82.125
A34: 30 | B34: Banku BNU | C34: Chapas | D34: Rua.Nuref Emarui | E34: 44014 | F34: Tinan 1 | G34: 117
A35: 31 | B35: BNCTl | C35: Diresional | D35: Rua.Nino Conis Santana | E35: 29/01/2020 | F35: Tinan 1 | G35: 27
A36: 32 | B36: Telkomsel | C36: Faixas,palas,Diresionador | D36: Avenida,Rua,beco | E36: 44049 | F36: Tinan 1 | G36: 1169.94
A37: 33 | B37: Timor Telekom | C37: Faixas,palas,Diresionador | D37: Avenida,Rua,beco | E37: 43835 | F37: =F36 -> Tinan 1 | G37: 2920.95
A38: 34 | B38: Aino Star | C38: Faixas | D38: Avenida | E38: 20/02/2020 | F38: Tinan 1 | G38: 36.5
A39: 35 | B39: Gody Valze | C39: Faixas | D39: Rua.Jose Exposto | E39: 43953 | F39: Tinan 1 | G39: 46.36
A40: TOTAL TAXA BA TINAN 1 | G40: =SUM(G5:G39) -> 7500.325

Sheet 2021
A2: Lista Emprezario / Negociante Sira nebe mak selu ona Taxa iha Autoridade Municipio Ermera Tinan 2021
A3: No | B3: Naran Empreza | C3: Data | D3: Fatin Publikasaun | E3: Tipu publiidade | F3: Medida | G3: Total dimensaun | H3: Total nebe selu
A4: 1 | B4: Banku BNU | C4: 31/03/2021 | D4: Rua Emarui | E4: Chapas | F4: 60 x710 | G4: 4,20 m² | H4: 116.39
A5: 2 | B5: Loza Defa | C5: 28/04/2021 | D5: Ave.Pedro Lemos | E5: Faixas | F5: 0.50 x 0.50 | G5: 0.25 cm | H5: 36.5
A6: 3 | B6: Loza De Sheng II | C6: 28/04/2021 | D6: Ave.Pedro Lemos | E6: Faixas | F6: 0.50 x 0.50 | G6: 0.25 cm | H6: =H5 -> 36.5
A7: 4 | B7: Fitun Perikanan | C7: 44474 | D7: Ave.Pedro Lemos | E7: Faixas | F7: 1 x 0.50 | G7: 0.50 cm | H7: 18.25
A8: 5 | B8: Fitun Kaduak | C8: 44474 | D8: Trav.Lorenso | E8: Faixas | F8: 1x1.50 | G8: 1.50 m | H8: 27.4
A9: 6 | B9: B N C T L | C9: 44321 | D9: Rua | E9: Bandeiras | F9: 0.80 x 0.90 | G9: 0.72 cm | H9: 19.8
A10: 7 | B10: Elso Ressela | C10: 44322 | D10: Rua Jose Exposto | E10: Faixas | F10: 1 x 1 | G10: 1 m² | H10: 27.4
A11: 8 | B11: Money Gram | C11: 19/05/2021 | D11: Ave.Pedro Lemos | E11: Tabuletas | F11: 1 x 2 | G11: 2 m² | H11: 73
A12: 9 | B12: Telkomcel | C12: 21/04/2021 | D12: Travesa | E12: Chapas | F12: 2.46 m² | G12: 2.46 m² | H12: 607.62
D13: Av. Pedro Lemos | E13: Pala | F13: 10.80 m² | G13: 10.80 m²
D14: Av. Pedro Lemos | E14: Bandeiras | F14: 1.80 m² | G14: 1.80 m²
D15: Municipio Ermera | E15: Panfleto | F15: 3500 Lembar | G15: _
D16: =D15 -> Municipio Ermera | E16: Demonstrasaun | F16: 15 Kali | G16: _
A17: 10 | B17: Telemor | C17: 30/09/2021 | D17: =D18 -> Av. Pedro Lemos | E17: Pala | F17: 10.5 m² | G17: 10.5 m² | H17: 584
D18: Av. Pedro Lemos | E18: Pala | F18: 2 m² | G18: 2 m²
D19: Av. Pedro Lemos | E19: Pala | F19: 2 m² | G19: 2 m²
D20: Rua. Aimetrema | E20: Pala | F20: =F19 -> 2 m² | G20: =G19 -> 2 m²
A21: 11 | B21: Banku Kaebauk | C21: 28/10/2021 | D21: Travesa A3 | E21: Tabuletas | F21: 1 x 1 | G21: 1 m² | H21: 18.25
A22: 12 | B22: Maical | C22: 27/10/2021 | D22: =D20 -> Rua. Aimetrema | E22: Diresional | F22: 1.4 x 0.90 | G22: 1.26 m² | H22: 46
A23: 13 | B23: Biamali | C23: 19/08/2021 | D23: Rua.Raemetlepa | E23: Tabuletas | F23: 1 x 0.50 | G23: 0.50 cm | H23: 14
A24: 14 | B24: Timor Telekom | D24: Av. Pedro Lemos | E24: Paines | F24: 10 m² | G24: 10 m² | H24: la selu ba tinan 2021
D25: Rua.Nuref A5 (loja TT) | E25: Paines | F25: 10 m² | G25: 10 m²
D26: Av. Pedro Lemos | E26: Paines | F26: 10 m² | G26: 10 m²
D27: Av. P.Lemos | E27: Bandeiras | F27: =F26 -> 10 m² | G27: =G26 -> 10 m²
A28: 15 | B28: Heineken | D28: Av. Pedro Lemos | E28: Pala | F28: 3 m² | G28: 3 m² | H28: la selu ba tinan 2021
D29: =D28 -> Av. Pedro Lemos | E29: Pala | F29: 3 m² | G29: 3 m²
D30: Av. Pedro Lemos | E30: Pala | F30: 3 m² | G30: 3 m²
D31: Rua | E31: Pala | F31: =F30 -> 3 m² | G31: =G30 -> 3 m²
D32: Av. Railako | E32: Pala | F32: 3 m² | G32: 3 m²
A33: Total Tipo Publisidade | E33: 29
A34: Total Taxa ba Publisidade | H34: =SUM(H4:H23) -> 1625.11
B36: Prepara Husi | G36: Certifika Husi
B39: Noezio B. Ex. Galucho | F39: Rui Octaviano Martins
B40: Oficial Publisidade | F40: inte.Diretor GMT Munisipal Ermera

Sheet 2022
A2: Lista Emprezario / Negociante Sira nebe mak selu ona Taxa iha Autoridade Municipio Ermera Hahu Husi Fulan Janeiro - Setembro Tinan 2022
A3: No | B3: Naran Empreza | C3: Data | D3: Fatin Publikasaun | E3: Tipu publiidade | F3: Total dimensaun | G3: Total nebe selu | H3: OBS
A4: 1 | B4: BETA ZETA | C4: 44866 | D4: Av. Pedro Lemos | E4: Kartas | F4: 1 m² | G4: 37
A5: 2 | B5: BNU | C5: 18/1/2022 | D5: Rua. Emarui Gomhei | E5: Chapas | F5: 4.26m² | G5: 116.26
A6: 3 | B6: MISTADER | C6: 27/1/2022 | D6: Rua. Fahirose | E6: Faixas | F6: 1 m² | G6: 28
A7: 4 | B7: HATUFU | C7: 44594 | D7: Av. Pedro Lemos | E7: Faixas | F7: 1 m² | G7: 36.5
A8: 5 | B8: ERMERA TUAN | C8: 44775 | D8: Rua.Autoridade M Ermera | E8: Bandeira | F8: 1.3 m² | G8: 18
A9: 6 | B9: TIMOR TELEKOM | C9: 44836 | D9: Av. Pedro Lemos | E9: Paines | F9: 10 m² | G9: 2920
D10: Rua.Nuref A5 (loja TT) | E10: Paines | F10: 10 m²
D11: Av. Pedro Lemos | E11: Paines | F11: 10 m²
D12: Av. P.Lemos | E12: Bandeiras | F12: =F11 -> 10 m²
A13: 7 | B13: HEINEKEN | C13: 44867 | D13: Av. Pedro Lemos | E13: Pala | F13: 3 m² | G13: 985 | H13: Selu Tasa ba tinan 2021
D14: =D13 -> Av. Pedro Lemos | E14: Pala | F14: 3 m²
D15: Av. Pedro Lemos | E15: Pala | F15: 3 m²
D16: Rua | E16: Pala | F16: =F15 -> 3 m²
D17: Av. Railako | E17: Pala | F17: 3 m²
A18: 8 | B18: Altarica.Unip.Lda | C18: 44807 | D18: Rua Selestino Soares | E18: Bandeira | F18: 1.2 m² | G18: 16
A19: 9 | B19: Nelvio Inocencio | C19: 44868 | D19: Ave.Pedro Lemos | E19: Diresional | F19: 0.67 m² | G19: 24
A20: 10 | B20: Aimetrema | C20: 14/03/2022 | D20: Ave.Pedro Lemos | E20: Faixas | F20: 1 m² | G20: 62
D21: Rua Mercado Gleno | E21: Faixas | F21: 1 m²
A22: 11 | B22: Crisologo Esperanca | C22: 16/03/2022 | D22: Ave.Pedro Lemos | E22: Faixas | F22: 1 m² | G22: 37
A23: 12 | B23: Grasia Farm | C23: 25/03/2022 | D23: Rua. Railako Mota hare | E23: Diresional | F23: 1 m² | G23: 55 | H23: Selu Tasa ba tinan rua 2021 Ho 2022
A24: 13 | B24: Lotario de Amizade | C24: 26/04/2022 | D24: Beco Ermera Maet | E24: Tabuleta | F24: 19.5 m² | G24: 1090
E25: Paines | F25: 25 m²
A26: 14 | B26: Aidababei | C26: 44839 | D26: Av.Railako | E26: Paixas | F26: 0.435 m² | G26: 16
A27: 15 | B27: Restorante Dolatije | C27: 16/05/2022 | D27: Rua Talekihata | E27: Faixas | F27: 1.60 m² | G27: 43.8
A28: 16 | B28: Fitun Kaduak | C28: 23/05/2022 | D28: Travesa NCS | E28: Faixas | F28: 1.60 m² | G28: 27.4
A29: 17 | B29: Zainani | C29: 24/05/2022 | D29: Rua Nuref Emarui | E29: Faixas | F29: 3 m² | G29: 82.13
A30: 18 | B30: Liber-trimar | C30: 44567 | D30: Rua Nuref Emarui | E30: Faixas | F30: 0.60 m² | G30: 16.5
A31: 19 | B31: Liber-trimar | C31: 44567 | D31: Rua Lorenco do Santos | E31: Faixas | F31: 0.60 m² | G31: 16.5
A32: 20 | B32: Telkomsel | C32: 30/06/2022 | D32: Ermera | E32: Chapas,pala, Bandeiras,fampleito,Sonora,Demostrasaun | F32: m² | G32: 1076.7
A33: 21 | B33: Heineken | C33: 44811 | D33: Ermera | E33: Pala | F33: 18 m² | G33: 1314
A34: 22 | B34: Viciencia Unip.Lda | C34: 44902 | D34: Rua Nuref Emarui | E34: Pala | F34: 0.96m² | G34: 16
A35: 23 | B35: Altarica.Unip.Lda | C35: 24/10/2022 | D35: Rua Selestino Soares | E35: Bandeira | F35: 1.2 m² | G35: 16
A36: 24 | B36: Dacobs Brites Unip.Lda | C36: 24/10/2022 | D36: Rua Autoridade M,Ermera | E36: Bandeira | F36: 0.82 m² | G36: 6
A37: Total Tipo Publisidade | G37: =SUM(G4:G36) -> 8055.79
A39: . | B39: Prepara Husi | F39: Aprova Husi
B40: Noezio Belo Exposto Galucho | E40: Edelmiro Jose de deus
B41: Oficial tekniko Publisidade | E41: Diretor GMT Munisipio Ermera

Sheet 2023
A2: Lista Emprezario / Negociante Sira nebe mak selu ona Taxa iha Autoridade Municipio Ermera Hahu Husi Fulan Janeiro - Setembro Tinan 2023
A3: No | B3: Naran Empreza | C3: Data | D3: Fatin Publikasaun | E3: Tipu publiidade | F3: Total dimensaun | G3: Total nebe selu | H3: OBS
A4: 1 | B4: BNU | C4: 30/01/2023 | D4: Rua Emarui | E4: Xapa | F4: 4.26 m² | G4: 116.62
A5: 2 | B5: Loja Deseng | C5: 413610 | D5: Ave.Pedro Lemos | E5: Faixas | F5: 0.50 m² | G5: 14
A6: 3 | B6: Loza Long Fafa | C6: 23/03/2023 | D6: Ave.Pedro Lemos | E6: Faixas | F6: 0.50 m² | G6: 18.25
A7: 4 | B7: Loza perikanan | C7: 27/03/2023 | D7: Ave.Pedro Lemos | E7: Faixas | F7: 0.50 m | G7: 18
A8: 5 | B8: Loza yingziyun Forfei | C8: 45020 | D8: Ave.Pedro Lemos | E8: Faixas | F8: 0.50 m² | G8: 18
A9: 6 | B9: Galhos Internacional UNIP.LDA | C9: 18/04/2023 | D9: Ave.Pedro Lemos | E9: Faixas | F9: 2m² | G9: 73
A10: 7 | B10: Aidababei | C10: 28/04/2023 | D10: Ave.Railako | E10: Faixas | F10: 0.40m² | G10: 16
A11: 8 | B11: Dolotize | C11: 15/05/2023 | D11: Rua.Talekihata | E11: Faixas | F11: 1.50m² | G11: 41
A12: 9 | B12: Biamali | C12: 17/05/2023 | D12: Rua. Raemetalepa | E12: Tabuleta | F12: 0.50 m² | G12: 14
A13: 10 | B13: Fitun kaduak | C13: 17/05/2023 | D13: Travessa | E13: Faixas | F13: 1.5 m² | G13: 27.4
A14: 11 | B14: Gracia Farm | C14: 17/05/2023 | D14: Rua.Railaco Motahare | E14: Diresional | F14: 1 m² | G14: 55
A15: 12 | B15: Lotario/Amizade | C15: 24/05/2023 | D15: Beco | E15: Tabuleta | F15: 19.5m² | G15: =913+177 -> 1090
C16: 24/05/2023 | D16: Beco | E16: Painel | F16: 25 m²
A17: 13 | B17: BNCTL | C17: 29/05/2023 | D17: =D16 -> Beco | E17: Bandeira | F17: 0.72 m² | G17: 361.39
A18: 14 | B18: Kompaha Ermera Tuan | C18: 30/05/2023 | D18: Rua.Autoridade M Ermera | E18: Bandeira | F18: 1.3 m² | G18: 18
A19: 15 | B19: Maical Caldas | C19: 21/06/2023 | D19: Ave.Pedro Lemos | E19: Diresional | F19: 1.26 m² | G19: 46
A20: 16 | B20: lijiehaung unip.lda | C20: 45114 | D20: Rua Merkadu laran | E20: =E13 -> Faixas | G20: 27.4
A21: 17 | B21: Telkomsel | C21: 25/08/2023 | D21: - | E21: - | F21: m² | G21: 1207.8
A22: 18 | B22: NAYZHA UNIP.LDA | C22: 15/09/2023 | D22: Ave.Pedro Lemos | E22: Faixas | F22: 3 m² | G22: 110
B23: Kompaha Alkemis | C23: 45087 | F23: m² | G23: 18
A24: 19 | B24: Telemor | C24: 23/10/2023 | D24: - | E24: Pala | F24: 16,5 m² | G24: 584 | J24: 1344 | L24: =J24/4 -> 336
A25: 20 | B25: ASSOCIAÇÃO CBR NETWORK-CAN | C25: 25/10/2023 | D25: Ave.Pedro Lemos | E25: Faixas | F25: 21 m² | G25: 51.25
A26: 21 | B26: Timor Telekom | C26: 45179 | D26: Rua.Nuref A5 (loja TT)/ Av. P.Lemos | E26: Paines /Bandeira | F26: 15 m² | G26: 912.5
A27: Total Tipo Publisidade | G27: =SUM(G4:G26) -> 4837.61
A29: Prepara Husi | D29: Verefika | F29: Aprova Husi
A30: Noezio Belo Exposto Galucho | D30: Rui Octaviano Martins | F30: Edelmiro Jose de deus
A31: Oficial tekniko Publisidade | D31: Xefe Departa. G.M.T | F31: Diretor GMT Munisipio Ermera

Sheet 2024
A2: Lista Emprezario / Negociante Sira nebe mak selu ona Taxa iha Autoridade Municipio Ermera Hahu Husi Fulan Janeiro - Dezembro Tinan 2024
A3: No | B3: Naran Empreza | C3: Data | D3: Fatin Publikasaun | E3: Tipu publisidade | F3: Total dimensaun | G3: Total nebe selu | H3: OBS
A4: 1 | B4: Mistader | C4: 45292 | D4: Rua Fahi rosa | E4: FaiXas | F4: 1m² | G4: 28 | H4: Entrega Ona Sertifikadu | I4: 28
A5: 2 | B5: ELIZEU S. DOS SANTOS (Apotik) | C5: 45352 | D5: Rua Nurep Asiko | E5: Faixas | F5: 2m² | G5: 54.75 | H5: Entrega Ona Sertifikadu | I5: =G5+G6 -> 448.95
A6: 3 | B6: sementu Timor | C6: 45364 | D6: Rua/ave/Travesa | E6: FaiXas | F6: 2.88m² | G6: 394.2 | H6: Entrega Ona Sertifikadu
A7: 4 | B7: Long fafa | C7: 45385 | D7: Ave.Pedro Lemos | E7: Faixas | F7: 0.50m² | G7: 18 | H7: Entrega Ona Sertifikadu | I7: =G7+G8+G9+G10 -> 188.26
A8: 5 | B8: BNU | C8: 45397 | D8: Rau.emarui | E8: Chapas | F8: 4.26m² | G8: 116.26 | H8: Entrega Ona Sertifikadu
A9: 6 | B9: Dolatize | C9: 45411 | D9: Rua Taliquihata | E9: Faixas | F9: 1m² | G9: 27 | H9: Entrega Ona Sertifikadu
A10: 7 | B10: Aimetrema | C10: 45394 | D10: Ave.Pedro Lemos | E10: Faixas | F10: 1m² | G10: 27 | H10: Entrega Ona Sertifikadu
A11: 8 | B11: Lotario/Amizade | C11: 45428 | D11: Beco | E11: Pala/Mupi | F11: 19/25m² | G11: 1090 | H11: Entrega Ona Sertifikadu | I11: =G11+G12+G13+G14+G15+G16+G17+G18+G19+G20+G21+G22+G23+G24 -> 1586.05
A12: 9 | B12: Hatufu | C12: =C11 -> 45428 | D12: =D10 -> Ave.Pedro Lemos | E12: Faixas | F12: 1m² | G12: 36.5 | H12: Entrega Ona Sertifikadu
A13: 10 | B13: Primaveira | C13: 45429 | D13: Rua Raemeta Lepa | E13: Faixas | F13: 1m² | G13: 27.4 | H13: Entrega Ona Sertifikadu
A14: 11 | B14: Rental CS2007 | C14: 45433 | D14: =D12 -> Ave.Pedro Lemos | E14: Faixas | F14: 1m² | G14: 36.5 | H14: Entrega Ona Sertifikadu
A15: 12 | B15: Loja De Seng | C15: 45434 | D15: =D14 -> Ave.Pedro Lemos | E15: =E14 -> Faixas | F15: 0.50m² | G15: 18.25 | H15: Entrega Ona Sertifikadu
A16: 13 | B16: GALHOS INTERNATIONAL UNIP.LDA | C16: 45434 | D16: =D15 -> Ave.Pedro Lemos | E16: =E15 -> Faixas | F16: 2m² | G16: 73 | H16: Entrega Ona Sertifikadu
A17: 14 | B17: AFIYA TAYLOR & BOUTIQUE Unip. Lda | C17: 45434 | D17: =D16 -> Ave.Pedro Lemos | E17: =E16 -> Faixas | F17: 2,1m² | G17: 77 | H17: Entrega Ona Sertifikadu
A18: 15 | B18: Nidal Brothers Unip.L.da | C18: 23/0502024 | D18: =D17 -> Ave.Pedro Lemos | E18: =E17 -> Faixas | F18: 1 m² | G18: 37 | H18: Entrega Ona Sertifikadu
A19: 16 | B19: Grasia Farm Unip.Lda | C19: 23/0502024 | D19: Rua.Railaco Motahare | E19: Diresional | F19: 0,50 m² | G19: 55 | H19: Entrega Ona Sertifikadu
A20: 17 | B20: Merpol Unip.Lda | C20: 24/0502024 | D20: =D18 -> Ave.Pedro Lemos | E20: =E17 -> Faixas | F20: 1 m² | G20: 18 | H20: Entrega Ona Sertifikadu
A21: 18 | B21: Fitun Kaduak | C21: 24/0502024 | D21: Travessa | E21: =E20 -> Faixas | F21: 1,5 m² | G21: 27.4 | H21: Entrega Ona Sertifikadu
A22: 19 | B22: Restorante Segaria | C22: 45439 | D22: =D20 -> Ave.Pedro Lemos | E22: =E21 -> Faixas | F22: 1 m² | G22: 35 | H22: Entrega Ona Sertifikadu
A23: 20 | B23: Rental Mojo | C23: 45440 | D23: =D22 -> Ave.Pedro Lemos | E23: =E22 -> Faixas | F23: 1 m² | G23: 37 | H23: Entrega Ona Sertifikadu
A24: 21 | B24: Apotik Aidart Maugeno Pasiensia Unip, Lda | C24: 45441 | D24: =D23 -> Ave.Pedro Lemos | E24: =E23 -> Faixas | F24: 0,50 m² | G24: 18 | H24: Entrega Ona Sertifikadu
A25: 22 | B25: Fitun perikanan Unip Lda | C25: 45446 | D25: =D24 -> Ave.Pedro Lemos | E25: =E24 -> Faixas | F25: 1.80 m² | G25: 49 | H25: Entrega Ona Sertifikadu | I25: =G25+G26+G27+G28+G29+G30+G31+G32+G33+G34+G35+G36+G37+G38+G39+G40+G41+G42+G43+G44+G45+G46+G47+G48+G49+G50+G51+G52+G53+G54+G55+G56+G57+G58+G59+G60+G61+G62+G63+G64+G65+G66 -> 1328.68
A26: 23 | B26: Loja Yingziyung forfei | C26: =C25 -> 45446 | D26: =D25 -> Ave.Pedro Lemos | E26: =E25 -> Faixas | F26: 0.50 m² | G26: 18 | H26: Entrega Ona Sertifikadu
A27: 24 | B27: Restorante Zainani II | C27: =C26 -> 45446 | D27: =D26 -> Ave.Pedro Lemos | E27: =E26 -> Faixas | F27: 3 m² | G27: 82.15 | H27: Entrega Ona Sertifikadu
A28: 25 | B28: RONNY PHONE Unip. Lda | C28: 45447 | D28: =D27 -> Ave.Pedro Lemos | E28: =E27 -> Faixas | F28: 1,2 m² | G28: 44 | H28: Entrega Ona Sertifikadu
A29: 26 | B29: Guest House Rai Buti Unip. Lda | C29: 45448 | D29: =D28 -> Ave.Pedro Lemos | E29: =E28 -> Faixas | F29: 1 m² | G29: 37 | H29: Entrega Ona Sertifikadu
A30: 27 | B30: Rental Melzip | C30: 45448 | D30: Rua Lorenço dos Santos | E30: =E28 -> Faixas | F30: 2 m² | G30: 73 | H30: Entrega Ona Sertifikadu
A31: 28 | B31: Efbram Casebo Unip Lda | C31: 45449 | D31: =D28 -> Ave.Pedro Lemos | E31: =E30 -> Faixas | F31: 0,50 m² | G31: 14 | H31: Entrega Ona Sertifikadu
A32: 29 | B32: Loja Zhoumu Xiandong I | C32: 45450 | D32: =D31 -> Ave.Pedro Lemos | E32: =E31 -> Faixas | F32: 1 m² | G32: 37 | H32: Entrega Ona Sertifikadu
A33: 30 | B33: Loja Lunh Mutiara | C33: 45450 | D33: =D32 -> Ave.Pedro Lemos | E33: =E32 -> Faixas | F33: 1 m² | G33: =G32 -> 37 | H33: Entrega Ona Sertifikadu
A34: 31 | B34: Loja Xiubowei-Fudi | C34: 45454 | D34: =D33 -> Ave.Pedro Lemos | E34: =E33 -> Faixas | F34: 1 m² | G34: 37 | H34: Entrega Ona Sertifikadu
A35: 32 | B35: Loja Zhoumu Xiandong I | C35: 45454 | D35: =D34 -> Ave.Pedro Lemos | E35: =E34 -> Faixas | F35: 1 m² | G35: 37 | H35: Entrega Ona Sertifikadu
A36: 33 | B36: Ercia Nivia Salsinha da Costa Brites | C36: 45454 | D36: =D35 -> Ave.Pedro Lemos | E36: =E35 -> Faixas | F36: 1 m² | G36: 27.4 | H36: Entrega Ona Sertifikadu
A37: 34 | B37: Rental Liber Trimar I | C37: 45454 | D37: Rua Lorenço dos Santos | E37: =E36 -> Faixas | F37: 0, 60m² | G37: 16.5 | H37: Entrega Ona Sertifikadu
A38: 35 | B38: Rental Liber Trimar II | C38: 45454 | D38: Rua Nuref Emarui | E38: =E37 -> Faixas | F38: 0, 60m² | G38: 16.5 | H38: Entrega Ona Sertifikadu
A39: 36 | B39: Banco BNCTL | C39: 45454 | D39: Ave.Pedro Lemos/Rua Martires Patria | E39: Bandeira | F39: 0.72 m² | G39: 46 | H39: Entrega Ona Sertifikadu
A40: 37 | B40: LARMABA PRINTING ENIM | C40: 45455 | D40: =D36 -> Ave.Pedro Lemos | E40: =E38 -> Faixas | F40: 1 m² | G40: 37 | H40: Entrega Ona Sertifikadu
A41: 38 | B41: Oficina Juniel Motror Servis | C41: 45455 | D41: =D40 -> Ave.Pedro Lemos | E41: =E40 -> Faixas | F41: 0.60m² | G41: 23.5 | H41: Entrega Ona Sertifikadu
A42: 39 | B42: Ratoka ENIM | C42: 45456 | D42: =D41 -> Ave.Pedro Lemos | E42: =E41 -> Faixas | F42: 2,4m² | G42: 38 | H42: Entrega Ona Sertifikadu
A43: 40 | B43: VALCAR ENIM | C43: 45463 | D43: Rua Merkadu Gleno | E43: =E42 -> Faixas | F43: 0,75 m² | G43: 21 | H43: Entrega Ona Sertifikadu
A44: 41 | B44: CABOLEONA UNIP . LDA | C44: =C43 -> 45463 | D44: =D43 -> Rua Merkadu Gleno | E44: =E43 -> Faixas | F44: =F43 -> 0,75 m² | G44: 21 | H44: Entrega Ona Sertifikadu
A45: 42 | B45: ALDOELEMORI | C45: =C44 -> 45463 | D45: =D44 -> Rua Merkadu Gleno | E45: =E44 -> Faixas | F45: 0, 75 m² | G45: 21 | H45: Entrega Ona Sertifikadu
A46: 43 | B46: LOJA ABC ALFA OMEGA | C46: =C45 -> 45463 | D46: =D45 -> Rua Merkadu Gleno | E46: =E45 -> Faixas | F46: 0,75 m² | G46: 21 | H46: Entrega Ona Sertifikadu
A47: 44 | B47: Restorante Seanglay | C47: 45464 | D47: =D40 -> Ave.Pedro Lemos | E47: =E46 -> Faixas | F47: 1 m² | G47: 37 | H47: Entrega Ona Sertifikadu
A48: 45 | B48: Crisologo Esperanca Unip. Lda | C48: 45464 | D48: =D47 -> Ave.Pedro Lemos | E48: =E47 -> Faixas | F48: 1 m² | G48: 37 | H48: Entrega Ona Sertifikadu
A49: 46 | B49: EVALEANA STAR | C49: 45464 | D49: =D48 -> Ave.Pedro Lemos | E49: =E48 -> Faixas | F49: 1 m² | G49: 37 | H49: Entrega Ona Sertifikadu
A50: 47 | B50: DACOLI STAR UNIP.LDA | C50: 45467 | D50: =D44 -> Rua Merkadu Gleno | E50: =E49 -> Faixas | F50: 0,75 m² | G50: 21 | H50: Entrega Ona Sertifikadu
A51: 48 | B51: AUREA UNIP, LDA | C51: 45467 | D51: =D49 -> Ave.Pedro Lemos | E51: =E50 -> Faixas | F51: 0,30 /1 m² | G51: 47 | H51: Entrega Ona Sertifikadu
A52: 49 | B52: GMR 750, ENIM | C52: 45469 | D52: =D46 -> Rua Merkadu Gleno | E52: =E51 -> Faixas | F52: 1 m² | G52: 27 | H52: Entrega Ona Sertifikadu
A53: 50 | B53: ERAINHO LETTO UNIP.LDA | C53: 45470 | D53: =D51 -> Ave.Pedro Lemos | E53: =E52 -> Faixas | F53: 0,75 m² | G53: 27 | H53: Entrega Ona Sertifikadu
A54: 51 | B54: KIOS UMA LETEN | C54: 45471 | D54: Avenida Pedro Lemos | E54: Faixas | F54: 0,50 m² | G54: 18 | H54: Entrega Ona Sertifikadu
A55: 52 | B55: KIOS MAUN-BUTI ALFRANS,ENIM | C55: 45471 | D55: Avenida Pedro Lemos | E55: Faixas | F55: 0.60 m² | G55: 22 | H55: Entrega Ona Sertifikadu
A56: 53 | B56: KEOS MAU-BOELOGE,ENIM | C56: 45471 | D56: Avenida Pedro Lemos | E56: Faixas | F56: 0.60 m² | G56: 22 | H56: Entrega Ona Sertifikadu
A57: 54 | B57: KEOS HABUMO,ENIM | C57: 45471 | D57: Avenida Pedro Lemos | E57: Faixas | F57: 0.60 m² | G57: 22 | H57: Entrega Ona Sertifikadu
A58: 55 | B58: LOJA JINCAL | C58: 45471 | D58: Avenida Pedro Lemos | E58: Faixas | F58: 1 m² | G58: 37 | H58: Entrega Ona Sertifikadu
A59: 56 | B59: KEOS MAUKATI INDAH,ENIM | C59: 45471 | D59: Avenida Pedro Lemos | E59: Faixas | F59: 0,50 m² | G59: 18 | H59: Entrega Ona Sertifikadu
A60: 57 | B60: LOJA LIJIEHAUNG | C60: 45471 | D60: Rua Merkadu Gleno | E60: Faixas | F60: 1m² | G60: 27 | H60: Entrega Ona Sertifikadu
A61: 58 | B61: KEOS LALA STAR | C61: 45471 | D61: Avenida Pedro Lemos | E61: Faixas | F61: 0,50 m² | G61: 18 | H61: Entrega Ona Sertifikadu
A62: 59 | B62: Loja Talekihata | C62: 45471 | D62: Rua Jose Exposto Santos | E62: Faixas | F62: 1m² | G62: 27.38 | H62: Entrega Ona Sertifikadu
A63: 60 | B63: KIOS HATSNIGULAU | C63: 45471 | D63: Rua Merkadu Gleno | E63: Faixas | F63: 0,75m² | G63: 21 | H63: Entrega Ona Sertifikadu
A64: 61 | B64: Seisura unip.lda | C64: 45471 | D64: Avenida Pedro Lemos | E64: Faixas | F64: 0,50 m² | G64: 18.25 | H64: Entrega Ona Sertifikadu
A65: 62 | B65: KIOS GAILULU, ENIN | C65: 45471 | D65: Avenida Pedro Lemos | E65: Faixas | F65: =F64 -> 0,50 m² | G65: 18 | H65: Entrega Ona Sertifikadu
A66: 63 | B66: KEEN NIIN,()KNIN CARPINTARIA LDA/ SANDIDI UNIP,LDA | C66: 45471 | D66: =D65 -> Avenida Pedro Lemos | E66: =E65 -> Faixas | F66: 2 m² | G66: 73 | H66: Entrega Ona Sertifikadu
A67: 64 | B67: KEOS ABU UBU ANAN, ENIM | C67: 45474 | D67: =D65 -> Avenida Pedro Lemos | E67: =E65 -> Faixas | F67: =F65 -> 0,50 m² | G67: 18 | H67: Entrega Ona Sertifikadu | I67: =G67+G68+G69+G70+G71+G72+G73+G74+G75+G76 -> 228
A68: 65 | B68: BANUDU B.HL INTERPRICE UNIP. LDA | C68: =C67 -> 45474 | D68: =D67 -> Avenida Pedro Lemos | E68: =E67 -> Faixas | F68: 1 m² | G68: 37 | H68: Entrega Ona Sertifikadu
A69: 66 | B69: BORO MORIS | C69: 45474 | D69: =D68 -> Avenida Pedro Lemos | E69: =E68 -> Faixas | F69: 0,50 m² | G69: 18 | H69: Entrega Ona Sertifikadu
A70: 67 | B70: KIOS JUSTINA LEU-MAU MESAK ENIN | C70: 45475 | D70: =D68 -> Avenida Pedro Lemos | E70: =E68 -> Faixas | F70: =F61 -> 0,50 m² | G70: 18 | H70: Entrega Ona Sertifikadu
A71: 68 | B71: KIOS REONAL ENIN | C71: =C70 -> 45475 | D71: =D70 -> Avenida Pedro Lemos | E71: =E70 -> Faixas | F71: =F70 -> 0,50 m² | G71: =G70 -> 18 | H71: =H70 -> Entrega Ona Sertifikadu
A72: 69 | B72: EMPREZA BREOHOSAN | C72: 45475 | D72: =D71 -> Avenida Pedro Lemos | E72: =E70 -> Faixas | F72: 1, 60 m² | G72: 44 | H72: =H71 -> Entrega Ona Sertifikadu
A73: 70 | B73: KIOS AI-REMA | C73: 45477 | D73: =D72 -> Avenida Pedro Lemos | E73: =E72 -> Faixas | F73: 0,50 m² | G73: 18 | H73: =H72 -> Entrega Ona Sertifikadu
A74: 71 | B74: KIOS OLO-UBU ENIN | C74: =C73 -> 45477 | D74: =D73 -> Avenida Pedro Lemos | E74: =E73 -> Faixas | F74: =F73 -> 0,50 m² | G74: =G73 -> 18 | H74: =H73 -> Entrega Ona Sertifikadu
A75: 72 | B75: Restorante Madeira Enin | C75: 45478 | D75: =D74 -> Avenida Pedro Lemos | E75: =E74 -> Faixas | F75: 0,75m² | G75: 21 | H75: =H74 -> Entrega Ona Sertifikadu
A76: 73 | B76: KIOS ANGELA TEBABUI ENIN | C76: 45478 | D76: =D75 -> Avenida Pedro Lemos | E76: =E75 -> Faixas | F76: 0,50 m² | G76: 18 | H76: =H75 -> Entrega Ona Sertifikadu
A77: 74 | B77: KIOS VIZET JUNIOR ENIN | C77: 45481 | D77: =D76 -> Avenida Pedro Lemos | E77: =E76 -> Faixas | F77: 0,50 m² | G77: 18 | H77: =H76 -> Entrega Ona Sertifikadu | I77: =SUM(G77:G140) -> 2221
A78: 75 | B78: LOJA NAMG MURA | C78: 45481 | D78: =D77 -> Avenida Pedro Lemos | E78: =E77 -> Faixas | F78: 1 m² | G78: 37 | H78: =H77 -> Entrega Ona Sertifikadu
A79: 76 | B79: LOJA CIADO JJMM, ENIN | C79: 45481 | D79: Rua Merkadu Gleno | E79: =E78 -> Faixas | F79: 0,50 m² | G79: 14 | H79: =H78 -> Entrega Ona Sertifikadu
A80: 77 | B80: NAKLALAN, ENIN | C80: 45482 | D80: =D78 -> Avenida Pedro Lemos | E80: =E79 -> Faixas | F80: 1 m² | G80: 37 | H80: =H79 -> Entrega Ona Sertifikadu
A81: 78 | B81: GLENO DIAK | C81: 45482 | D81: Rua Merkadu Gleno | E81: =E80 -> Faixas | F81: 0,75 m² | G81: 21 | H81: =H80 -> Entrega Ona Sertifikadu
A82: 79 | B82: GUGUHULUN UNIP. LDA | C82: 45482 | D82: =D80 -> Avenida Pedro Lemos | E82: =E81 -> Faixas | F82: 0,50 m² | G82: 18 | H82: =H81 -> Entrega Ona Sertifikadu
A83: 80 | B83: RITOE AGUS, ENIN | C83: 45482 | D83: Rua Merkadu Gleno | E83: =E82 -> Faixas | F83: 0,75 m² | G83: 21 | H83: =H82 -> Entrega Ona Sertifikadu
A84: 81 | B84: IKUN DOMIN, ENIN | C84: 45482 | D84: =D78 -> Avenida Pedro Lemos | E84: =E83 -> Faixas | F84: 1 m² | G84: 37 | H84: =H83 -> Entrega Ona Sertifikadu
A85: 82 | B85: AMONIDADE, ENIN | C85: 45482 | D85: =D84 -> Avenida Pedro Lemos | E85: =E84 -> Faixas | F85: 0,50 m² | G85: 18 | H85: =H84 -> Entrega Ona Sertifikadu
A86: 83 | B86: KALSIVU, ENIN | C86: 45482 | D86: =D77 -> Avenida Pedro Lemos | E86: =E79 -> Faixas | F86: 1 m² | G86: 37 | H86: =H79 -> Entrega Ona Sertifikadu
A87: 84 | B87: LOJA AVE MARIA | C87: 45482 | D87: =D86 -> Avenida Pedro Lemos | E87: =E86 -> Faixas | F87: m² | G87: 37 | H87: =H80 -> Entrega Ona Sertifikadu
A88: 85 | B88: KIOS MIBEI, ENIN | C88: 45483 | D88: =D87 -> Avenida Pedro Lemos | E88: =E87 -> Faixas | F88: 1 m² | G88: 37 | H88: =H81 -> Entrega Ona Sertifikadu
A89: 86 | B89: KIOS TILPE ENIN | C89: 45485 | D89: =D88 -> Avenida Pedro Lemos | E89: =E88 -> Faixas | F89: 1 m² | G89: 37 | H89: =H82 -> Entrega Ona Sertifikadu
A90: 87 | B90: RAIMUNDO GONCALVES, ENIN | C90: =C89 -> 45485 | D90: =D89 -> Avenida Pedro Lemos | E90: =E89 -> Faixas | F90: 1 m² | G90: 37 | H90: =H83 -> Entrega Ona Sertifikadu
A91: 88 | B91: Kios Lourdes Jose Cai-Lou de Araujo ENIN | C91: 45492 | D91: =D90 -> Avenida Pedro Lemos | E91: =E90 -> Faixas | F91: 1 m² | G91: 37 | H91: =H84 -> Entrega Ona Sertifikadu
A92: 89 | B92: Maudio Restaurante,ENIN. | C92: 45497 | D92: =D91 -> Avenida Pedro Lemos | E92: =E91 -> Faixas | F92: 1m² | G92: 37 | H92: Entrega Ona Sertifikadu
A93: 90 | B93: FARMING MUSHROOM ORGANIC | C93: 45503 | D93: Rua Fahi rose | E93: =E92 -> Faixas | F93: 0, 75m² | G93: 21 | H93: Entrega Ona Sertifikadu
A94: 91 | B94: JUBEX BANO STAR | C94: 45503 | D94: =D93 -> Rua Fahi rose | E94: =E93 -> Faixas | F94: 0, 50 m² | G94: 18 | H94: Entrega Ona Sertifikadu
A95: 92 | B95: ESPERO ENIN, | C95: 45505 | D95: =D91 -> Avenida Pedro Lemos | E95: =E93 -> Faixas | F95: 1 m² | G95: 37 | H95: Entrega Ona Sertifikadu
A96: 93 | B96: JOPAS MARTINS, ENIN | C96: 45505 | D96: =D95 -> Avenida Pedro Lemos | E96: =E95 -> Faixas | F96: 1 m² | G96: 37 | H96: Entrega Ona Sertifikadu
A97: 94 | B97: GURBA GURANA, UNIP. LDA | C97: 45506 | D97: =D96 -> Avenida Pedro Lemos | E97: =E96 -> Faixas | F97: 1 m² | G97: 37 | H97: Entrega Ona Sertifikadu
A98: 95 | B98: LOKOMETA, ENIN | C98: 45506 | D98: =D97 -> Avenida Pedro Lemos | E98: =E97 -> Faixas | F98: m² | G98: 37 | H98: Entrega Ona Sertifikadu
A99: 96 | B99: Loja CHENISONG, LDA | C99: 45506 | D99: =D98 -> Avenida Pedro Lemos | E99: =E98 -> Faixas | F99: 2, 50 m² | G99: 37 | H99: Entrega Ona Sertifikadu
A100: 97 | B100: Restorante ERNANSAVIO GODYVALZE | C100: 45506 | D100: =D99 -> Avenida Pedro Lemos | E100: =E99 -> Faixas | F100: 1 m² | G100: 37 | H100: Entrega Ona Sertifikadu
A101: 98 | B101: REPENDE, UNIP. LDA | C101: 45506 | D101: =D100 -> Avenida Pedro Lemos | E101: =E100 -> Faixas | F101: 1 m² | G101: 37 | H101: Entrega Ona Sertifikadu
...

Sheet 2025
A2: Lista Emprezario / Negociante Sira nebe mak selu ona Taxa iha Autoridade Municipio Ermera Hahu Husi Fulan Janeiro - Dezembro Tinan 2025
A3: No | B3: Naran Empreza | C3: Data | D3: Fatin Publikasaun | E3: Tipu Publisidade | F3: Total Pimensaun | G3: Total nebe selu | H3: OBS
A4: 1 | B4: Filomena Bareto Horta, Enin | C4: 45678 | D4: Rua Merkadu | E4: FaiXas | F4: 0,75 m² | G4: 21 | H4: Entrega Ona Sertifikadu
A5: 2 | B5: KIOS RAEMET LEPA, ENIN | C5: 45678 | D5: Rua Nurep Asiko | E5: Faixas | F5: 0,75 m² | G5: 27 | H5: Entrega Ona Sertifikadu
A6: 3 | B6: IPONALRO, UNIP. Lda | C6: 45715 | D6: Rua Hatulia | E6: Faixas | F6: 2,7 m² | G6: 74 | H6: Entrega Ona Sertifikadu
A7: 4 | B7: BNU | C7: 45716 | D7: Rau.emarui | E7: Chapas | F7: 4.26m² | G7: 116.26 | H7: Entrega Ona Sertifikadu
A8: 5 | B8: PALAPACO UNIP, PESOAL,LDA | C8: 45723 | D8: Avenida Dili | E8: Unidade Movel | F8: 0,55 m² | G8: 20 | H8: Entrega Ona Sertifikadu
A9: 6 | B9: TEMU ROSE, ENIM | C9: 45729 | D9: Avenida Railaco | E9: Faixas | F9: 0,75 m² | G9: 55 | H9: Entrega Ona Sertifikadu
A10: 7 | B10: Heneiken Timor S.A | C10: 45741 | D10: Av. Pedro Lemos | E10: Pala | F10: 3 m² | G10: 2136 | H10: Entrega Ona Sertifikadu
D11: Av. Pedro Lemos | E11: Pala | F11: 3 m²
D12: Av. Pedro Lemos | E12: Pala | F12: 3 m²
D13: Rua | E13: Pala | F13: 3 m²
D14: Av. Railaco | E14: Pala | F14: 3 m²
D15: Av. Pedro Lemos | E15: Pala | F15: 3 m²
A16: 8 | B16: LOJA JONIWIBO LDA | C16: 45744 | D16: Avenida Railaco | E16: =E6 -> Faixas | F16: =F9 -> 0,75 m² | G16: 55 | H16: Entrega Ona Sertifikadu
A17: 9 | B17: AFIA TAYLOS & BROUTIQUE UNIP.LDA | C17: 27/03/2025 | D17: Avenida Pedro Lemos | E17: Faixas | F17: 2.1m² | G17: 77 | H17: Entrega Ona Sertifikadu
A18: 10 | B18: Loja Deseng I | C18: 45751 | D18: Avenida Pedro Lemos | E18: Faixas | F18: 0,50 m² | G18: 18 | H18: Entrega Ona Sertifikadu
A19: 11 | B19: Loja Deseng II | C19: 45751 | D19: Avenida Pedro Lemos | E19: Faixas | F19: 0,50 m² | G19: 18 | H19: Entrega Ona Sertifikadu
A20: 12 | B20: Zainani Restaurante I | C20: 45751 | D20: Avenida Pedro Lemos | E20: Faixas | F20: 1 m² | G20: 27 | H20: Entrega Ona Sertifikadu
A21: 13 | B21: Zainani Restaurante II | C21: 45751 | D21: Avenida Pedro Lemos | E21: Faixas | F21: 1 m² | G21: 27 | H21: Entrega Ona Sertifikadu
A22: 14 | B22: Companha Mistader | C22: 45751 | D22: Rua Fahirosa | E22: Faixas | F22: 1 m² | G22: 27 | H22: Entrega Ona Sertifikadu
A23: 15 | B23: Fitun Prikanan | C23: 45751 | D23: Avenida Pedro Lemos | E23: Faixas | F23: 1 m² | G23: 37 | H23: Entrega Ona Sertifikadu
A24: 16 | B24: Loza Long Fafa | C24: 45751 | D24: Avenida Pedro Lemos | E24: Faixas | F24: 1 m² | G24: 37 | H24: Entrega Ona Sertifikadu
A25: 17 | B25: Loza Zhoumu Xiandong I lda. | C25: 45751 | D25: Avenida Pedro Lemos | E25: Faixas | F25: 1 m² | G25: 37 | H25: Entrega Ona Sertifikadu
A26: 18 | B26: Antonio mau ati (RITOE AGUS ) | C26: 45904 | D26: Avenida Pedro Lemos | E26: Faixas | F26: 0.60 m² | G26: 22 | H26: Entrega Ona Sertifikadu
A27: 19 | B27: Merpol unip.lda | C27: 45904 | D27: Avenida Pedro Lemos | E27: Faixas | F27: 0.50 m² | G27: 18 | H27: Entrega Ona Sertifikadu
A28: 20 | B28: Dollatije Restaurante | C28: 45904 | D28: Rua Taliquihata | E28: Faixas | F28: 1 m² | G28: 27 | H28: Entrega Ona Sertifikadu
A29: 21 | B29: Xiubowei-fudi | C29: 45904 | D29: Avenida Pedro Lemos | E29: Faixas | F29: 1 m² | G29: 37 | H29: Entrega Ona Sertifikadu
... A32: 24 | B32: KARA DEJOY,LDA | C32: 45873 | D32: Avenida.bairo pite | E32: Unidade Movel | F32: 1.1m² | G32: 40 | H32: Entrega Ona Sertifikadu
A33: 25 | B33: JHYMEJUDODEIRA | C33: 24/04/2025 | D33: Estrada Poetete | E33: Faixas | F33: 1.30m² | G33: 24 | H33: Entrega Ona Sertifikadu
A34: 26 | B34: Emilia Brites,enin | C34: 24/04/2025 | D34: Rua Hatulia | E34: Faixas | F34: 0.50m² | G34: 16 | H34: Entrega Ona Sertifikadu
A35: 27 | B35: FARMACIA & CLINICA EMANUAEL SEIXAS DOS SANTOS UNIP.LDA | C35: 25/04/2025 | D35: RUA NUREP ASIKO | E35: Faixas | F35: 2m² | G35: 54.75 | H35: Entrega Ona Sertifikadu
A36: 28 | B36: LOTARIA DE AMIZADE | C36: 29/04/2025 | D36: Beco ER MER MAET | E36: TABULETA | F36: 19.5m² | G36: 178 | H36: Entrega Ona Sertifikadu
E37: PAINEL | F37: 25m² | G37: 913
A38: 29 | B38: ALEXANDRINO DE J.MARTINS( FIDO-DIDO) | C38: 45782 | D38: Estrada fatubesi | E38: Faixas | F38: 1 m² | G38: 18 | H38: Entrega Ona Sertifikadu
A39: 30 | B39: LORBAT UNIP,LDA | C39: 15/05/2025 | D39: Avenida Pedro Lemos | E39: Faixas | F39: 0.60m² | G39: 22 | H39: Entrega Ona Sertifikadu
A40: 31 | B40: TALILEU TALMES,ENIN | C40: 15/05/2025 | D40: Estrada Mertutu | E40: Faixas | F40: 1m² | G40: 18 | H40: Entrega Ona Sertifikadu
A41: 32 | B41: BASMERI JAVA | C41: 15/05/2025 | D41: Estrada Fatubesi | E41: Faixas | F41: 1m² | G41: 22 | H41: Entrega Ona Sertifikadu
A42: 33 | B42: LOZA Primaveira | C42: 15/05/2025 | D42: Rua Raemeta Lepa | E42: Faixas | F42: 1m² | G42: 27 | H42: Entrega Ona Sertifikadu
A43: 34 | B43: Fitun Kaduak (Fan Pulsa Lintrik) | C43: 23/05/2025 | D43: Travessa | E43: Faixas | F43: 1.50 m² | G43: 27.4 | H43: Entrega Ona Sertifikadu
A44: 35 | B44: ADELIA GOMES BARROS | C44: 30/05/2025 | D44: Rua Riheu | E44: Faixas | F44: 1 m² | G44: 35 | H44: Entrega Ona Sertifikadu
A45: 36 | B45: LEONOR GAGO ( KIOS INCO GAGO ) ENIN | C45: 45753 | D45: Estrada Hatulia A | E45: Faixas | F45: 1 m² | G45: 22 | H45: Entrega Ona Sertifikadu
A46: 37 | B46: MUHAMAD ARAFA EXPORT & INPOR,LDA | C46: 45722 | D46: Avenida Pedro Lemos | E46: Unidade Movel | F46: 2 m² | G46: 73 | H46: Entrega Ona Sertifikadu
A47: 38 | B47: AHMED EL-SAIE D SAISR | C47: 45723 | D47: Avenida Pedro Lemos | E47: Unidade Movel | F47: 3 m² | G47: 0 | H47: Entrega Ona Sertifikadu
A48: 39 | B48: DBR ARMANDA 1ENIN | C48: 45783 | D48: ESTRADA DAUHATI | E48: Faixas | F48: 2.50 m² | G48: 37 | H48: Entrega Ona Sertifikadu
A49: 40 | B49: ANJESAL | C49: 45783 | D49: ESTRADA DAUHATI | E49: Faixas | F49: 2.50 m² | G49: 15 | H49: Entrega Ona Sertifikadu
A50: 41 | B50: LOJA MARJU ENIN | C50: 45783 | D50: ESTRADA DAUHATI | E50: Faixas | F50: 2.50 m² | G50: 15 | H50: Entrega Ona Sertifikadu
A51: 42 | B51: NASMA BERHATO,ENIN | C51: 45783 | D51: ESTRADA DAUHATI | E51: Faixas | F51: 2.50 m² | G51: 15 | H51: Entrega Ona Sertifikadu
A52: 43 | B52: BE'E MOR GROUP CO,LDA | C52: 45936 | D52: Laulara/Aileu | E52: Unidade Movel | F52: 2 m² | G52: 73 | H52: Entrega Ona Sertifikadu
A53: 44 | B53: DIVANJENIVIA UNIP.LDA | C53: 45997 | D53: Estrada Manusae | E53: Faixas | F53: 3 m² | G53: 44 | H53: Entrega Ona Sertifikadu
A54: 45 | B54: CARLITO DA SILVA ODAMATAN MUTIN ,ENIN | C54: 18/06/2025 | D54: Travessa | E54: Faixas | F54: 1 m² | G54: 18 | H54: Entrega Ona Sertifikadu
A55: 46 | B55: SANCHO XAVIER ( BUIBISILEBU | C55: 18/06/2035 | D55: Etrada Fatubesi | E55: Faixas | F55: 1.50 m² | G55: 33 | H55: Entrega Ona Sertifikadu
A56: 47 | B56: ZINO PEREIRA SANTOS | C56: 20/06/2025 | D56: Travessa FATUBOLU | E56: Faixas | F56: 1 m² | G56: 15 | H56: Entrega Ona Sertifikadu
A57: 48 | B57: RAI -BUTI | C57: 23/06/2025 | D57: Rua Dona Ana Lemos | E57: Faixas | F57: 1 m² | G57: 37 | H57: Entrega Ona Sertifikadu
A58: 49 | B58: VIETTEL TIMOR, UNIP,LDA (Telemor) | C58: 30/06/2025 | D58: Avenida Pedro Lemos | E58: Pala | F58: 46.50 m² | G58: 1770.25 | H58: Entrega Ona Sertifikadu
A59: 50 | B59: HORACIO SANCHES HALI-PAL,ENIN | C59: 18/06/2025 | D59: Estrada Fatubesi | E59: faixas | F59: 0.90m² | G59: 20 | H59: Entrega Ona Sertifikadu
A60: 51 | B60: Jeneon , enin,sucursal | C60: 45754 | D60: Avenida Pedro Lemos | E60: Faixas | F60: 1m² | G60: 35 | H60: Entrega Ona Sertifikadu
A61: 52 | B61: Dacoli Star,Unip.LDA | C61: 16/07/2025 | D61: Avenida Pedro Lemos | E61: Faixas | F61: 0,60m² | G61: 22 | H61: Entrega Ona Sertifikadu
A62: 53 | B62: KIOS PAMABA,ENIN | C62: 17/07/2025 | D62: Avenida Pedro Lemos | E62: Faixas | F62: 0,50m² | G62: 18 | H62: Entrega Ona Sertifikadu
A63: 54 | B63: LOZA ABC ALFA OMEGA | C63: 21/07/2025 | D63: Avenida Pedro Lemos | E63: Faixas | F63: 0,75m² | G63: 21 | H63: Entrega Ona Sertifikadu
A64: 55 | B64: LOJA TINGZYYUNG FORFEI | C64: 23/07/2025 | D64: Avenida Pedro Lemos | E64: Faixas | F64: 0,50m² | G64: 18 | H64: Entrega Ona Sertifikadu
A65: 56 | B65: LEUBERETA,ENIN | C65: 23/07/2025 | D65: Avenida Pedro Lemos | E65: Faixas | F65: 0,50m² | G65: 18 | H65: Entrega Ona Sertifikadu
A66: 57 | B66: LOZA ATRAI ASU-UBU,ENIN | C66: 29/07/25 | D66: Avenida Pedro Lemos | E66: Faixas | F66: 0,50m² | G66: 22 | H66: Entrega Ona Sertifikadu
A67: 58 | B67: EFBRAM CASEBO UNIP.LDA | C67: 24/07/25 | D67: RUA | E67: Faixas | F67: 0,50m² | G67: 14 | H67: Entrega Ona Sertifikadu
A68: 59 | B68: HUI TAI LANG ,LDA | C68: 30/07/25 | D68: AVENIDA DILI | E68: Faixas | F68: 2m² | G68: 73 | H68: Entrega Ona Sertifikadu
A69: 60 | B69: CEMENT TIMOR TRADING,S.A | C69: 45755 | D69: AVENIDA, RUA , TRAVESSA | E69: FAIXAS | F69: 22.16m² | G69: 420.48 | H69: Entrega Ona Sertifikadu
A70: 61 | B70: ANMASO | C70: 45785 | D70: Avenida Pedro Lemos | E70: Faixas | F70: 0,50m² | G70: 18 | H70: Entrega Ona Sertifikadu
A71: 62 | B71: DELFINA DE JESUS, ENIN | C71: 45969 | D71: Rua Merkadu | E71: Faixas | F71: 1m² | G71: 22 | H71: Entrega Ona Sertifikadu
A72: 63 | B72: KIOS JUSTINA LEU-MAU MESAK ,ENIN | C72: 15/08/2025 | D72: Avenida Pedro Lemos | E72: Faixas | F72: 0.50m² | G72: 18 | H72: Entrega Ona Sertifikadu
A73: 64 | B73: SEISURA UNIP.LDA | C73: 45969 | D73: Avenida Pedro Lemos | E73: Faixas | F73: 0.50m² | G73: 18 | H73: Entrega Ona Sertifikadu
A74: 65 | B74: NANDANA RES2,ENIN | C74: 18/08/2025 | D74: Avenida Pedro Lemos | E74: Faixas | F74: 2.25m² | G74: 82 | H74: Entrega Ona Sertifikadu
A75: 66 | B75: MANUEL BABO SALSINHA ENIN | C75: 15/08/2025 | D75: Avenida Pedro Lemos | E75: Faixas | F75: 0.50m² | G75: 18 | H75: Entrega Ona Sertifikadu
A76: 67 | B76: SUMALE- AIGUA | C76: 27/08/2026 | D76: Avenida Pedro Lemos | E76: Faixas | F76: 0.75m² | G76: 21 | H76: Entrega Ona Sertifikadu
A77: 68 | B77: RENTAL MELZIP,ENIN | C77: 27/08/2026 | D77: Rua Lorenco doSantos | E77: Faixas | F77: 1m² | G77: 27 | H77: Entrega Ona Sertifikadu
A78: 69 | B78: Grasia Farm | C78: 28/08/2026 | D78: Rua Railako Motahare | E78: Faixas | F78: 1m² | G78: 55 | H78: Entrega Ona Sertifikadu
A79: 70 | B79: LOJA JINCAL | C79: 45666 | D79: Avenida Pedro Lemos | E79: Faixas | F79: 1m² | G79: 37 | H79: Entrega Ona Sertifikadu
A80: 71 | B80: EDM 2 , UNIP,LDA | C80: 45725 | D80: Avenida Pedro Lemos | E80: Faixas | F80: 1m² | G80: 37 | H80: Entrega Ona Sertifikadu
A81: 72 | B81: Banudo B.H.L | C81: 15/09/2025 | D81: Avenida Pedro Lemos | E81: Faixas | F81: 1m² | G81: 37 | H81: Entrega Ona Sertifikadu
A82: 73 | B82: EDM 1 , UNIP,LDA | C82: 17/09/2025 | D82: Avenida Pedro Lemos | E82: Faixas | F82: 1m² | G82: 37 | H82: Entrega Ona Sertifikadu
A83: 74 | B83: TELEKOMSEL | C83: 15/09/2025 | D83: Avenida Pedro Lemos | E83: Faixas | F83: 112.05m² | G83: 2980 | H83: Entrega Ona Sertifikadu
A84: 75 | B84: ESPERO 1&2 | C84: 22/09/2025 | D84: RUA,AVENIDA | E84: Faixas | F84: 070&0.50m² | G84: 26 | H84: Entrega Ona Sertifikadu
A85: 76 | B85: CRISOLOGO ESPERANSA UNIP,LDA | C85: 22/09/2025 | D85: Avenida Pedro Lemos | E85: Faixas | F85: 1m² | G85: 37 | H85: Entrega Ona Sertifikadu
A86: 77 | B86: TIMOR TELECOM | C86: 45698 | D86: Rua.Nuref A5 (loja TT)/ Av. P.Lemos | E86: Paines /Bandeira | F86: 15 m² | G86: 1825 | H86: Entrega Ona Sertifikadu
A87: 78 | B87: BUILOR LOKOMALI | C87: 45698 | D87: Avenida Pedro Lemos | E87: Faixas | F87: 1m² | G87: 18 | H87: Entrega Ona Sertifikadu
A88: 79 | B88: ARMANDO SALSINHA MARTINS (LISKABMHT)ENIN | C88: 45698 | D88: Avenida Pedro Lemos | E88: Faixas | F88: 0.50m² | G88: 26 | H88: Entrega Ona Sertifikadu
A89: 80 | B89: AUREA UNIP,LDA | C89: 45818 | D89: Avenida Pedro Lemos | E89: Faixas | F89: 1.30m² | G89: 47 | H89: Entrega Ona Sertifikadu
A90: 81 | B90: LiberTrimar 1 & 2 | C90: 45848 | D90: Avenida Pedro Lemos | E90: Faixas | F90: 1.20m² | G90: 33 | H90: Entrega Ona Sertifikadu
A91: 82 | B91: ALDO ELEMORI,ENIN | C91: 45910 | D91: Avenida Pedro Lemos | E91: Faixas | F91: 1.m² | G91: 37 | H91: Entrega Ona Sertifikadu
A92: 83 | B92: LAYLA,ENIN | C92: 13/10/2025 | D92: Avenida Pedro Lemos | E92: Faixas | F92: 0.50m² | G92: 18 | H92: Entrega Ona Sertifikadu
A93: 84 | B93: Money Gram | C93: 14/10/2025 | D93: Avenida Pedro Lemos | E93: Faixas | F93: 0.50m² | G93: 292 | H93: Entrega Ona Sertifikadu
A94: 85 | B94: Carpintintaria lda/sandedidi unip,lda | C94: 18/11/2025 | D94: Avenida Pedro Lemos | E94: Faixas | F94: 2m² | G94: =18.25+18.25 -> 36.5 | H94: Entrega Ona Sertifikadu
A95: 86 | B95: BNCTL | C95: 18/11/2025 | D95: Avenida Pedro Lemos | E95: Bandeira | F95: 1.44m² | G95: 46.03
A98: GRAND TOTAL NE'EBE SELU TAXA PUBLISITARIA | G98: =SUM(G4:G97) -> 13064.17
B99: #. TOTAL EMPREJA NO NEGOSIANTE NEBE MAK EKIPA TEKNIK PREPARA ONA FATURA IHA 100 PESOAL IHA Q3 AUMENTA TAN 16 #. SELU ONA TAXA BA KOFRI ESTADU IHA 85 #. SEIDAUK SELU TAXA IHA 15 #. TAXA AGORA SELU OHA HO TOTAL ( 12,981.64 )

Sheet Sheet1
A1: NO | B1: NARAN EMPREZA | C1: FATIN PUBLIKASAUN | D1: TIPO | E1: MEDIDA | F1: SELU TAXA
A2: 1 | B2: TELEKOMSEL | C2: Avenida Pedro Lemos | D2: Faixas | E2: 112.05m² | F2: 2980
A3: 2 | B3: TIMOR TELEKOM | C3: Rua.Nuref A5 (loja TT)/ Av. P.Lemos | D3: Paines /Bandeira | E3: 15 m² | F3: 1825
A4: 3 | B4: VIETTEL TIMOR, UNIP,LDA (Telemor) | C4: Avenida Pedro Lemos | D4: Pala | E4: 46.50 m² | F4: 1770.25
A5: 4 | B5: LOTARIA DE AMIZADE | C5: Beco ER MER MAET | D5: TABULETA | E5: 19.5m² | F5: 1091
D6: PAINEL | E6: 25m²
A7: 5 | B7: BNU | C7: Rau.emarui | D7: Chapas | E7: 4.26m² | F7: 116.26
A8: 6 | B8: TEMU ROSE ENIN | C8: Avenida Pedro Lemos | D8: Faixas | E8: 2.25m² | F8: 55
A9: 7 | B9: LOJA JONIWIBO LDA | C9: Avenida Railaco | D9: Faixas | E9: 0,75 m² | F9: 55
A10: 8 | B10: Grasia Farm | C10: Rua Railako Motahare | D10: Faixas | E10: 1m² | F10: 55
A11: 9 | B11: FARMACIA & CLINICA EMANUAEL SEIXAS DOS SANTOS UNIP.LDA | C11: RUA NUREP ASIKO | D11: Faixas | E11: 2m² | F11: 54.75
A12: 10 | B12: DOLETEIZE RESTAURANTE | C12: Rua Taliquihata | D12: Faixas | E12: 1 m² | F12: 27
A13: #. TOTAL EMPREJA NO NEGOSIANTE NEBE MAK EKIPA TEKNIK PREPARA ONA FATURA IHA 126
A14: #. SELU ONA TAXA BA KOFRI ESTADU IHA 79
A15: # SELU ONA TIONA MAIBE SEIDAU SIMU SERTIFIKADU 26
A16: #. SEIDAUK SELU TAXA IHA 21
A17: #. TAXA AGORA SELU OHA HO TOTAL ( 12,554.64 )

Sheet ERMERA 
A2: PROGRESSU TAXA PUBLICIDADE MUNISIPIO ERMERA BA TINAN 2019 TO 2025
A3: Munisipio | B3: 2019 | D3: 2020 | F3: 2021 | H3: 2022 | J3: 2023 | L3: 2024 | N3: 2025 | P3: 2026 | R3: 2027 | T3: 2028 | V3: OBS
A4: ERMERA | B4: fulan | C4: valor Taxa | D4: fulan | E4: valor Taxa | F4: fulan | G4: valor Taxa | H4: fulan | I4: valor Taxa | J4: fulan | K4: valor Taxa | L4: fulan | M4: valor Taxa | N4: fulan | O4: valor Taxa | P4: fulan | Q4: valor Taxa | R4: fulan | S4: valor Taxa | T4: fulan | U4: valor Taxa
B5: Janeiro | C5: 0 | D5: Janeiro | E5: 98.5 | F5: Janeiro | G5: 0 | H5: Janeiro | I5: 181.26 | J5: Janeiro | K5: 116.62 | L5: Janeiro | M5: 28 | N5: Janeiro | O5: ='2025'!G4+'2025'!G4:G5 -> 48 | P5: Janeiro | Q5: 98.5 | R5: Janeiro | S5: 98.5 | T5: Janeiro | U5: 598.5
B6: Fevereiru | C6: 0 | D6: Fevereiru | E6: =661.51 -> 661.51 | F6: Fevereiru | G6: 0 | H6: Fevereiru | I6: 3959.5 | J6: Fevereiru | K6: 0 | L6: Fevereiru | N6: Fevereiru | O6: 190.26 | P6: Fevereiru | Q6: =661.51 -> 661.51 | R6: Fevereiru | S6: =661.51 -> 661.51 | T6: Fevereiru | U6: 861.51
B7: Marsu | C7: 0 | D7: Marsu | E7: 518.75 | F7: Marsu | G7: 116.39 | H7: Marsu | I7: 194 | J7: Marsu | K7: =14+18.25+18 -> 50.25 | L7: Marsu | M7: 448.95 | N7: Marsu | O7: 2343 | P7: Marsu | Q7: 518.75 | R7: Marsu | S7: 518.75 | T7: Marsu | U7: 518.75
B8: Abril | C8: 18 | D8: Abril | E8: 0 | F8: Abril | G8: 680.62 | H8: Abril | I8: 1090 | J8: Abril | K8: 109 | L8: Abril | M8: 188.26 | N8: Abril | O8: 1616.25 | P8: 2343 | Q8: 27.4 | R8: Abril | S8: 100 | T8: Abril | U8: 150
B9: Maiu | C9: 2990.99 | D9: Maiu | E9: 3003.08 | F9: Maiu | G9: 0 | H9: Maiu | I9: 169.33 | J9: Maiu | K9: 1604.79 | L9: Maiu | M9: 1586.05 | N9: Maiu | O9: 169.4 | P9: Maiu | Q9: 3959.5 | R9: Maiu | S9: 2959.5 | T9: Maiu | U9: 2959.5
B10: Juñu | C10: 261.65 | D10: Juñu | E10: 1238.34 | F10: Juñu | G10: 138.45 | H10: Juñu | I10: =1118.7+7 -> 1125.7 | J10: Juñu | K10: 46 | L10: Juñu | M10: 1328.68 | N10: Juñu | O10: 2222.25 | P10: Juñu | Q10: 1314 | R10: Juñu | S10: 2314 | T10: Juñu | U10: 2314
B11: Jullu | C11: 425.9 | D11: Jullu | E11: 27.4 | F11: Jullu | G11: 27.4 | H11: Jullu | I11: 0 | J11: Jullu | K11: 27.4 | L11: Jullu | M11: 228 | N11: Jullu | O11: 40 | P11: Jullu | Q11: 40 | R11: Jullu | S11: 50 | T11: Jullu | U11: 90
B12: Agustu | C12: 214.5 | D12: Agustu | E12: 0 | F12: Agustu | G12: 14 | H12: Agustu | I12: 1314 | J12: Agustu | K12: 1207.8 | L12: Agustu | M12: 2221 | N12: Agustu | O12: =699.48+166 -> 865.48 | P12: Agustu | Q12: 584 | R12: Agustu | S12: 584 | T12: Agustu | U12: 584
B13: Setembru | C13: 0 | D13: Setembru | E13: 0 | F13: Setembru | G13: 584 | H13: Setembru | I13: 0 | J13: Setembru | K13: 110 | L13: Setembru | M13: 2990.75 | N13: Setembru | O13: 3191 | P13: Setembru | Q13: 116.39 | R13: Setembru | S13: 116.39 | T13: Setembru | U13: 216.39
B14: Outubru | C14: 0 | D14: Outubru | E14: 1952.75 | F14: Outubru | G14: 64.25 | H14: Outubru | I14: 22 | J14: Outubru | K14: =18+584 -> 602 | L14: Outubru | M14: 584 | N14: Outubru | O14: =1869+135+292 -> 2296 | P14: Outubru | Q14: 1090 | R14: Outubru | S14: 2090 | T14: Outubru | U14: 2090
B15: Novembru | C15: 0 | D15: Novembru | E15: 0 | F15: Novembru | G15: 0 | H15: Novembru | I15: 0 | J15: Novembru | K15: =51.25 -> 51.25 | L15: Novembru | M15: 368 | N15: Novembru | O15: 0 | P15: Novembru | Q15: 64.25 | R15: Novembru | S15: 64.25 | T15: Novembru | U15: 125
B16: Dezembru | C16: 0 | D16: Dezembru | E16: 0 | F16: Dezembru | G16: 0 | H16: Dezembru | I16: 0 | J16: Dezembru | K16: 912.5 | L16: Dezembru | M16: 73 | N16: Dezembru | O16: 0 | P16: Dezembru | Q16: 22 | R16: Dezembru | S16: 22 | T16: Dezembru | U16: 22
A17: TOTAL KADA TINAN | C17: =SUM(C5:C16) -> 3911.04 | E17: =SUM(E5:E16) -> 7500.33 | G17: =SUM(G5:G16) -> 1625.11 | I17: =SUM(I5:I16) -> 8055.79 | K17: =SUM(K5:K16) -> 4837.61 | M17: =SUM(M5:M16) -> 10044.69 | O17: =SUM(O5:O16) -> 12981.64 | Q17: =SUM(Q5:Q16) -> 8496.3 | S17: =SUM(S5:S16) -> 9578.9 | U17: =SUM(U5:U16) -> 10529.65
A18: GRAND TOTAL, TINANV 2019 ATE TINAN 2025 | I18: =C17+E17+G17+I17+K17+M17+O17 -> 48956.21 | S18: GRAND TOTAL, TINAN 2023 ATE TINAN 2028 | T18: =K17+M17+O17+Q17+S17+U17 -> 56468.79
O28: 10685.64
O29: =O17 -> 12981.64
K31: 37 | M31: 420.48 | O31: =O28-O29 -> -2296
K32: 37 | M32: 18
K33: 37 | M33: 22
K34: 37 | M34: 18
K35: 2980 | M35: 18
K36: 26 | M36: 82
K37: 37 | M37: 18
K38: =SUM(K31:K37) -> 3191 | M38: 21
M39: 27
M40: 55
M41: =SUM(M31:M40) -> 699.48

Sheet Rezumu
A2: Rezumu Taxa Publisidade ho nia Progresu iha Autoridade Municipal de Ermera Husi Tinan 2019 Ate 2025
A3: Aut. Municipal Ermera | B3: Fulan | C3: Taxa Tinan 2019 | D3: Fulan | E3: Taxa Tinan 2020 | F3: Fulan | G3: Taxa Tinan 2021 | H3: Fulan | I3: Taxa Tinan 2022 | J3: Fulan | K3: Taxa Tinan 2023 | L3: Fulan | M3: Taxa Tinan 2024 | N3: Fulan | O3: Taxa Tinan 2025 | P3: Total | Q3: Obs
A4: M. Ermera | B4: Jan - Dez | C4: 3911.04 | D4: Jan - Dez | E4: 7500.33 | F4: Jan - Dez | G4: 1625.11 | H4: Jan - Set | I4: ='2022'!G37 -> 8055.79 | J4: Jan - Set | K4: ='2023'!G27 -> 4837.61 | L4: Jan - Set | M4: =M5 -> 10044.69 | N4: Jan - Set | O4: =O5 -> 12981.64 | P4: =C4+E4+G4+I4+K4+M4 -> 35974.57 | Q4: Implementa ona
A5: Grand Total | C5: 3911.04 | E5: 7500.33 | G5: 1625.11 | I5: =I4 -> 8055.79 | K5: =K4 -> 4837.61 | M5: ='ERMERA '!M17 -> 10044.69 | O5: ='ERMERA '!O17 -> 12981.64 | P5: =C5+E5+G5+I5+K5+M5+O5 -> 48956.21 | Q5: Implementa ona
A9: Prepara Husi | I9: Aprova Husi
A11: Noezio B. Ex. Galucho | I11: Edelmiro J.de Deus
A12: Oficial tek Publisidade | I12: Diretor Gestaun Mercado e Turismo

Sheet TOTAL EMPREZA
A2: Total Empreza nebe selu hahu tinan 2019 ate 2025
A3: TINAN | B3: TOTAL EMPREZA KADA TINAN | C3: TOTAL GERAL
A4: 2019 | B4: 27 | C4: =SUM(B4:B10) -> 366
A5: 2020 | B5: 35
A6: 2021 | B6: 15
A7: 2022 | B7: 24
A8: 2023 | B8: 21
A9: 2024 | B9: 162
A10: 2025 | B10: 82
A11: TOTAL TAXA 2019 ATE 2022 | C11: =Rezumu!P5 -> 48956.21

Sheet telkomsel
J2: No Seri | K2: 020
J3: Data | K3: 44718
B4: I. Identidade Pagador
B5: Naran Empreza | F5: : PT TELEKOMUNIKASI INDONESIA INTERNASIONAL (TL),S.A.
B6: Sede | F6: : Av. Pedro Lemos Ermera-Gleno
B7: Numeru do Impostu | F7: :1146362/MCIA/VI/2022
B8: II. Deskrisaun Taxa Administrativa (Fulan 12 )
B9: No | C9: Empreza | D9: Fatin Publisidade | E9: Tipu Publisidade | F9: Dimensaun Publisidade (m²) | G9: VAP/DAY | H9: VAP/$ | I9: Durasaun Licensa/Loron | J9: Total $ | K9: Total Nebe sei selu U$ (25 %)
B10: 1 | C10: PT TELCOMCEL | D10: Travesa | E10: Xapa | F10: 0.72 m² | G10: 0.2 | H10: 0.2 | I10: 298 | J10: =0.72*0.2*I10 -> 42.912 | K10: =J10*0.25 -> 10.728
B11: 2 | D11: Av. Pedro Lemos | E11: Pala | F11: 10.80 m² | G11: 0.4 | H11: 0.4 | I11: 298 | J11: =10.8*0.4*I11 -> 1287.36 | K11: =J11*0.25 -> 321.84
B12: 3 | D12: Av. Pedro Lemos | E12: Bandeira | F12: 1.80 m² | G12: 0.4 | H12: 0.4 | I12: 298 | J12: =1.8*0.4*I12 -> 214.56 | K12: =J12*0.25 -> 53.64
B13: 4 | D13: Travesa | E13: Xapa | F13: 0.72 m² | G13: 0.2 | H13: 0.2 | I13: 298 | J13: =0.72*0.2*I13 -> 42.912 | K13: =J13*0.25 -> 10.728
B14: 5 | D14: Travesa | E14: Xapa | F14: 0.84 m² | G14: 0.2 | H14: 0.2 | I14: 298 | J14: =0.84*0.2*I14 -> 50.064 | K14: =J14*0.25 -> 12.516
B15: 6 | D15: Travesa | E15: Xapa | F15: 0.84 m² | G15: 0.2 | H15: 0.2 | I15: 298 | J15: =0.84*0.2*I15 -> 50.064 | K15: =J15*0.25 -> 12.516
B16: 7 | D16: Travesa | E16: Xapa | F16: 0.84 m² | G16: 0.2 | H16: 0.2 | I16: 298 | J16: =0.84*0.2*I16 -> 50.064 | K16: =J16*0.25 -> 12.516
B17: 8 | D17: Travesa | E17: Xapa | F17: 0.84 m² | G17: 0.2 | H17: 0.2 | I17: 298 | J17: =0.84*0.2*I17 -> 50.064 | K17: =J17*0.25 -> 12.516
B18: 9 | D18: Travesa | E18: Xapa | F18: 0.84 m² | G18: 0.2 | H18: 0.2 | I18: 298 | J18: =0.84*0.2*I18 -> 50.064 | K18: =J18*0.25 -> 12.516
B19: 10 | D19: Travesa | E19: Xapa | F19: 0.84 m² | G19: 0.2 | H19: 0.2 | I19: 298 | J19: =0.84*0.2*I19 -> 50.064 | K19: =J19*0.25 -> 12.516
B20: 11 | D20: Travesa | E20: Xapa | F20: 0.84 m² | G20: 0.2 | H20: 0.2 | I20: 298 | J20: =0.84*0.2*I20 -> 50.064 | K20: =J20*0.25 -> 12.516
B21: 12 | D21: Travesa | E21: Xapa | F21: 0.84 m² | G21: 0.2 | H21: 0.2 | I21: 298 | J21: =0.84*0.2*I21 -> 50.064 | K21: =J21*0.25 -> 12.516
B22: 13 | D22: Travesa | E22: Xapa | F22: 0.84 m² | G22: 0.2 | H22: 0.2 | I22: 298 | J22: =0.84*0.2*I22 -> 50.064 | K22: =J22*0.25 -> 12.516
B23: 14 | D23: Travesa | E23: Xapa | F23: 0.84 m² | G23: 0.2 | H23: 0.2 | I23: 298 | J23: =0.84*0.2*I23 -> 50.064 | K23: =J23*0.25 -> 12.516
B24: 15 | D24: Avenida | E24: Xapa | F24: 0.84 m² | G24: 0.4 | H24: 0.4 | I24: 298 | J24: =0.84*0.4*I24 -> 100.128 | K24: =J24*0.25 -> 25.032
B25: 16 | D25: Avenida | E25: Xapa | F25: 0.84 m² | G25: 0.4 | H25: 0.4 | I25: 298 | J25: =0.84*0.4*I25 -> 100.128 | K25: =J25*0.25 -> 25.032
B26: 17 | D26: Avenida | E26: Xapa | F26: 0.84 m² | G26: 0.4 | H26: 0.4 | I26: 298 | J26: =0.84*0.4*I26 -> 100.128 | K26: =J26*0.25 -> 25.032
B27: 18 | D27: Av. Pedro Lemos | E27: Xapa | F27: 0.84 m² | G27: 0.4 | H27: 0.4 | I27: 298 | J27: =0.84*0.4*I27 -> 100.128 | K27: =J27*0.25 -> 25.032
B28: 19 | D28: Travesa | E28: Xapa | F28: 0.84 m² | G28: 0.2 | H28: 0.2 | I28: 298 | J28: =0.84*0.2*I28 -> 50.064 | K28: =J28*0.25 -> 12.516
B29: 20 | D29: Travesa | E29: Xapa | F29: 0.84 m² | G29: 0.2 | H29: 0.2 | I29: 298 | J29: =0.84*0.2*I29 -> 50.064 | K29: =J29*0.25 -> 12.516
B30: 21 | D30: Travesa | E30: Xapa | F30: 0.84 m² | G30: 0.2 | H30: 0.2 | I30: 298 | J30: =0.84*0.2*I30 -> 50.064 | K30: =J30*0.25 -> 12.516
B31: 22 | D31: Rua | E31: Xapa | F31: 0.84 m² | G31: 0.3 | H31: 0.3 | I31: 298 | J31: =0.84*0.3*I31 -> 75.096 | K31: =J31*0.25 -> 18.774
B32: 23 | D32: Municipio Ermera | E32: Panfleto | F32: 3500 Lembar | G32: 0.05 | H32: 0.05 | I32: - | J32: =3500*0.05 -> 175 | K32: =J32*0.25 -> 43.75
B33: 24 | D33: Municipio Ermera | E33: Sonora | F33: 250 Detik | G33: 0.05 | H33: 0.05 | I33: 75 | J33: =250*0.05*75 -> 937.5 | K33: =J33*0.25 -> 234.375
B34: 25 | D34: =D32 -> Municipio Ermera | E34: Demonstrasaun | F34: 12 Kali | G34: 40 | H34: 40 | I34: 12 | J34: =40*I34 -> 480 | K34: =J34*0.25 -> 120
B35: Total Taxa ba tinan 2022 (Fulan 12 ) | K35: =SUM(K10:K34) -> 1076.671
B37: III. No. Bancaria de Receitas
B38: No. Konta Bancaria /Banku | F38: : 310 021 9772 373
B39: No. IBAN | F39: : TL380040310021977237393
B40: Naran Konta BanKaria | F40: : Conta Oficial Autoridade Municipal de Ermera
B41: Benefesario | F41: : Autoridade Municipal de Ermera
C43: Prepara Husi | I43: Certifika Husi
C47: Rui Octaviano Martins | I47: (Simão F. Piedade Babo )
C48: Xefe Depart. Gestâo Mercado e Turismo | H48: Diretor Gestâo Mercado e Turismo
B50: Aprova Husi
B54: (Eusébio Salsinha)
B55: Presidente Autoridade Municipal de Ermera

Sheet konta bankaria Publisidade
A1: KONTA SELU TASA PUBLISITARIA
A2: III. No. Bancaria de Receitas
A3: No. Konta Bancaria / Banku | D3: : 310 021 9772 373
A4: No. IBAN | D4: : TL380040310021977237393
A5: Naran Konta Bancaria | D5: : Conta Official Autoridade Municipal de Ermera
A6: Benefesario | D6: : Autoridade Municipal de Ermera

Sheet Progreso taxa 2023 -2028
A2: PROGRESSU TAXA PUBLICIDADE MUNISIPIO ERMERA | J2: PROGRESSU TAXA PUBLICIDADE MUNISIPIO ERMERA
A3: Munisipio | B3: 2019 | D3: 2020 | F3: 2021 | H3: 2022 | J3: 2023 | L3: 2024 | N3: 2025 | P3: 2026 | R3: 2027 | T3: 2028 | V3: OBS
A4: ERMERA | B4: fulan | C4: valor Taxa | D4: fulan | E4: valor Taxa | F4: fulan | G4: valor Taxa | H4: fulan | I4: valor Taxa | J4: fulan | K4: valor Taxa | L4: fulan | M4: valor Taxa | N4: fulan | O4: valor Taxa | P4: fulan | Q4: valor Taxa | R4: fulan | S4: valor Taxa | T4: fulan | U4: valor Taxa
B5: Janeiro | D5: Janeiro | E5: 98.5 | F5: Janeiro | G5: 0 | H5: Janeiro | I5: 181.26 | J5: Janeiro | K5: 116.26 | L5: Janeiro | M5: 98.5 | N5: Janeiro | O5: 98.5 | P5: Janeiro | Q5: 98.5 | R5: Janeiro | S5: 98.5 | T5: Janeiro | U5: 598.5
B6: Fevereiru | D6: Fevereiru | E6: =661.51 -> 661.51 | F6: Fevereiru | G6: 0 | H6: Fevereiru | I6: 3959.5 | J6: Fevereiru | K6: 0 | L6: Fevereiru | M6: =661.51 -> 661.51 | N6: Fevereiru | O6: =661.51 -> 661.51 | P6: Fevereiru | Q6: =661.51 -> 661.51 | R6: Fevereiru | S6: =661.51 -> 661.51 | T6: Fevereiru | U6: 861.51
B7: Marsu | D7: Marsu | E7: 518.75 | F7: Marsu | G7: 116.39 | H7: Marsu | I7: 194 | J7: Marsu | K7: 50 | L7: Marsu | M7: 518.75 | N7: Marsu | O7: 518.75 | P7: Marsu | Q7: 518.75 | R7: Marsu | S7: 518.75 | T7: Marsu | U7: 518.75
B8: Abril | C8: 18 | D8: Abril | E8: 0 | F8: Abril | G8: 680.62 | H8: Abril | I8: 1090 | J8: Abril | K8: 107 | L8: Abril | M8: 27.4 | N8: Abril | O8: 27.4 | P8: Abril | Q8: 27.4 | R8: Abril | S8: 100 | T8: Abril | U8: 150
B9: Maiu | C9: 2990.99 | D9: Maiu | E9: 3003.08 | F9: Maiu | G9: 0 | H9: Maiu | I9: 169.33 | J9: Maiu | K9: 1607.79 | L9: Maiu | M9: 1959.5 | N9: Maiu | O9: 2959.5 | P9: Maiu | Q9: 3959.5 | R9: Maiu | S9: 2959.5 | T9: Maiu | U9: 2959.5
B10: Juñu | C10: 261.65 | D10: Juñu | E10: 1238.34 | F10: Juñu | G10: 138.45 | H10: Juñu | I10: =1118.7+7 -> 1125.7 | J10: Juñu | K10: 46 | L10: Juñu | M10: 1314 | N10: Juñu | O10: 1314 | P10: Juñu | Q10: 1314 | R10: Juñu | S10: 2314 | T10: Juñu | U10: 2314
B11: Jullu | C11: 425.9 | D11: Jullu | E11: 27.4 | F11: Jullu | G11: 27.4 | H11: Jullu | I11: 0 | J11: Jullu | K11: 0 | L11: Jullu | M11: 22 | N11: Jullu | O11: 30 | P11: Jullu | Q11: 40 | R11: Jullu | S11: 50 | T11: Jullu | U11: 90
B12: Agustu | C12: 214.5 | D12: Agustu | E12: 0 | F12: Agustu | G12: 14 | H12: Agustu | I12: 1314 | J12: Agustu | K12: 0 | L12: Agustu | M12: 584 | N12: Agustu | O12: 584 | P12: Agustu | Q12: 584 | R12: Agustu | S12: 584 | T12: Agustu | U12: 584
B13: Setembru | D13: Setembru | E13: 0 | F13: Setembru | G13: 584 | H13: Setembru | I13: 0 | J13: Setembru | K13: 0 | L13: Setembru | M13: 116.39 | N13: Setembru | O13: 116.39 | P13: Setembru | Q13: 116.39 | R13: Setembru | S13: 116.39 | T13: Setembru | U13: 216.39
B14: Outubru | D14: Outubru | E14: 1952.75 | F14: Outubru | G14: 64.25 | H14: Outubru | I14: 22 | J14: Outubru | K14: 0 | L14: Outubru | M14: 1090 | N14: Outubru | O14: 1090 | P14: Outubru | Q14: 1090 | R14: Outubru | S14: 2090 | T14: Outubru | U14: 2090
B15: Novembru | D15: Novembru | E15: 0 | F15: Novembru | G15: 0 | H15: Novembru | I15: 0 | J15: Novembru | K15: 0 | L15: Novembru | M15: 64.25 | N15: Novembru | O15: 64.25 | P15: Novembru | Q15: 64.25 | R15: Novembru | S15: 64.25 | T15: Novembru | U15: 125
B16: Dezembru | D16: Dezembru | E16: 0 | F16: Dezembru | G16: 0 | H16: Dezembru | I16: 0 | J16: Dezembru | K16: 0 | L16: Dezembru | M16: 22 | N16: Dezembru | O16: 22 | P16: Dezembru | Q16: 22 | R16: Dezembru | S16: 22 | T16: Dezembru | U16: 22
A17: TOTAL KADA TINAN | C17: =SUM(C5:C16) -> 3911.04 | E17: =SUM(E5:E16) -> 7500.33 | G17: =SUM(G5:G16) -> 1625.11 | I17: =SUM(I5:I16) -> 8055.79 | K17: =SUM(K5:K16) -> 1927.05 | M17: =SUM(M5:M16) -> 6478.3 | O17: =SUM(O5:O16) -> 7486.3 | Q17: =SUM(Q5:Q16) -> 8496.3 | S17: =SUM(S5:S16) -> 9578.9 | U17: =SUM(U5:U16) -> 10529.65
A18: GRAND TOTAL, TINANV 2019 ATE TINAN 2022 | I18: =C17+E17+G17+I17 -> 21092.27 | J18: GRAND TOTAL, TINANV 2023 ATE TINAN 2028 | T18: =K17+M17+O17+Q17+S17+U17 -> 44496.5

Sheet Projecsaun TaXa
C2: Actual 2023 | I2: Projection 2023 | O2: Projection
A3: Ministry | B3: Revenue Line Item | C3: Jan | D3: Feb | E3: Mar | F3: Apr | G3: May | H3: Jun | I3: Jul | J3: Aug | K3: Sep | L3: Oct | M3: Nov | N3: Dec | O3: 2024 | P3: 2025 | Q3: 2026 | R3: 2027 | S3: 2028 | T3: Eksplikasaun kona ba Projeksaun
A4: Ermera Municipality | B4: AM de Ermera Advertising Revenue | C4: 116.26 | E4: 50 | F4: 107 | G4: 1607.79 | H4: 46 | O4: 6478.3 | P4: 7486.3 | Q4: 8496.3 | R4: 9578.9 | S4: 10529.65 | T4: Projeksaun kada tinan sempre aumeta
